 Dungeon Crawl Stone Soup version 0.26.1-10-gdfb7c7de75 (webtiles) character file.

Game seed: 15318397483492828211

1370 Revguard the Skirmisher (level 8, -6/79 HPs)
             Began as an Ogre Earth Elementalist on Apr 1, 2021.
             Was a Believer of Okawaru.
             Mangled by an orc warrior
             ... wielding a +0 dire flail
              (9 damage)
             ... on level 6 of the Dungeon.
             The game lasted 00:25:50 (7118 turns).

Revguard the Skirmisher (Ogre Earth Elementalist)   Turns: 7118, Time: 00:25:52

Health: -6/79      AC:  6    Str: 13    XL:     8   Next: 65%
Magic:  2/14       EV: 11    Int: 18    God:    Okawaru [**....]
Gold:   312        SH:  5    Dex: 17    Spells: 6/16 levels left

rFire    . . .     SeeInvis .   t - +4 morningstar
rCold    . . .     Faith    .   (no shield)
rNeg     . . .     Spirit   .   c - +1 robe
rPois    .         Reflect  +   (helmet restricted)
rElec    .         Harm     .   d - scarf {+Inv}
rCorr    .         Rampage  .   (gloves unavailable)
Will     .....                  (boots unavailable)
Stlth    +++.......             i - amulet of reflection
HPRegen  0.23/turn              e - +6 ring of dexterity
MPRegen  0.14/turn              m - ring of stealth

@: very slightly contaminated
A: large, unfitting armour, molten scales 1, agile 1, tough skin 1
a: Renounce Religion, Evoke Invisibility, Heroism


You were on level 6 of the Dungeon.
You worshipped Okawaru.
Okawaru was pleased with you.
You visited 1 branch of the dungeon, and saw 6 of its levels.

You collected 312 gold pieces.

Inventory:

Hand Weapons
 f - a +1 vorpal war axe
 t - a +4 morningstar (weapon)
Missiles
 b - 52 stones
Armour
 c - a +1 robe (worn)
 d - a scarf of invisibility (worn)
Jewellery
 e - a +6 ring of dexterity (left hand)
 i - an amulet of reflection (around neck)
 m - a ring of stealth (right hand)
Scrolls
 g - 2 scrolls of remove curse
 h - a scroll of teleportation
 n - a scroll of enchant armour
 r - a scroll of fog
Potions
 j - 2 potions of attraction
 o - a potion of magic
 p - 2 potions of curing
 q - a potion of flight


   Skills:
 * Level 4.8 Fighting
 + Level 2.6(3.0) Axes
 + Level 1.8(2.4) Maces & Flails
 + Level 2.3 Dodging
 - Level 2.2 Stealth
 + Level 0.4 Shields
 + Level 4.5 Spellcasting
 * Level 2.5 Conjurations
 * Level 2.7 Transmutations
 + Level 4.2 Earth Magic
 * Level 3.0 Invocations
 * Level 2.6 Evocations


You had 6 spell levels left.
You knew the following spells:

 Your Spells              Type           Power        Failure   Level
a - Sandblast             Erth           38%          2%          1
b - Passwall              Tmut/Erth      13%          4%          2
c - Stone Arrow           Conj/Erth      32%          11%         3
d - Petrify               Tmut/Erth      16%          32%         4

Your spell library contained the following spells:

 Spells                   Type           Power        Failure   Level
 Confusing Touch          Hex            4%           38%         3
 Gell's Gravitas          Tloc           2%           38%         3
 Lee's Rapid Deconstruct  Erth           9%           56%         5
 Yara's Violent Unravell  Hex/Tmut       4%           91%         5
 Metabolic Englaciation   Hex/Ice        2%           98%         5


Dungeon Overview and Level Annotations

Branches:
Dungeon (6/15)             Temple (0/1) D:4

Altars:
Fedhas
Kikubaaqudgha
Okawaru
Trog
Zin
The Shining One


Innate Abilities, Weirdness & Mutations

You are too large for most types of armour.
You have tough skin. (AC +1)
You are partially covered in molten scales. (AC +2)
You are agile. (Dex +2)


Message History

Casting: Petrify (dangerous; 32% risk of failure)
Confirm with . or Enter, or press ? or * to list all spells.
You don't have enough magic to cast that spell.
Unknown command.
You sock the orc warrior!
The orc warrior is heavily wounded.
The orc warrior hits you with a +0 dire flail!
The orc hits you from afar with a +0 trident.
You barely miss the orc warrior.
The orc warrior is heavily wounded.
The orc warrior hits you with a +0 dire flail!!
* * * LOW HITPOINT WARNING * * *
You block the orc's attack.
You closely miss the orc warrior.
The orc warrior is heavily wounded.
The orc warrior hits you with a +0 dire flail.
* * * LOW HITPOINT WARNING * * *
The orc closely misses you.
The orc warrior hits you with a +0 dire flail!
You die...

............###...
..# #...........> #.#
#....[###....
#.###.)...###....
#...<..)....##...
#..†......#...†..
#.##.............
####.#.......##<..##
#.o@...#......#.#...
##o##.########.#..##.
##### #..##... .##..
. .$....##l#######
.#...# .........#
.... ......oo## ....
........# ...#
........# ........#


You could see an orc warrior and an orc.

Vanquished Creatures
  Menkaure (D:5)
  An ice beast (D:5)
  A sky beast (D:5)
  An orc warrior (D:5)
  A centaur (D:3)
  A scorpion (D:6)
  2 vampire bats (D:3)
  4 wights (D:5)
  A howler monkey (D:4)
  Crazy Yiuf (D:5)
  2 hounds
  2 orc priests
  A bullfrog zombie (D:5)
  Jessica (D:3)
  An iguana (D:5)
  4 worker ants
  Terence (D:2)
  A worker ant zombie (D:5)
  9 adders
  An adder skeleton (D:4)
  3 worms
  3 dart slugs
  4 leopard geckos
  12 orcs
  A bat skeleton (D:3)
  3 bat zombies (D:3)
  6 giant cockroaches
  10 goblins
  6 hobgoblins
  14 jackals
  5 kobolds
  A quokka (D:3)
  A ball python (D:1)
  7 bats
  9 frilled lizards
  A jackal skeleton (D:4)
  6 rats
129 creatures vanquished.

Notes
Turn   | Place    | Note
-------+----------+-------------------------------------------
     0 | D:1      | Revguard the Ogre Earth Elementalist began the quest for
                  | the Orb.
     0 | D:1      | Reached XP level 1. HP: 16/16 MP: 3/3
   104 | D:1      | Reached XP level 2. HP: 8/26 MP: 0/5
   116 | D:1      | Learned a level 2 spell: Passwall
   357 | D:1      | Reached skill level 1 in Fighting
   674 | D:1      | Reached XP level 3. HP: 33/33 MP: 6/6
   778 | D:1      | Learned a level 3 spell: Stone Arrow
  1191 | D:1      | Gained mutation: You are partially covered in molten
                  | scales. (AC +2) [potion of mutation]
  1191 | D:1      | Gained mutation: You are agile. (Dex +2) [potion of
                  | mutation]
  1374 | D:2      | Reached XP level 4. HP: 27/41 MP: 1/8
  1833 | D:2      | Noticed Terence
  2254 | D:2      | Killed Terence
  2555 | D:2      | Found a blossoming altar of Fedhas.
  2700 | D:3      | Reached XP level 5. HP: 49/50 MP: 7/9
  2709 | D:3      | Learned a level 4 spell: Petrify
  3061 | D:3      | Found an iron altar of Okawaru.
  3070 | D:3      | Became a worshipper of Warmaster Okawaru
  3129 | D:3      | Reached skill level 1 in Transmutations
  3212 | D:3      | Noticed Jessica
  3226 | D:3      | Killed Jessica
  3435 | D:3      | Reached XP level 6. HP: 61/61 MP: 2/11
  3542 | D:3      | Reached skill level 1 in Conjurations
  3542 | D:3      | Reached skill level 1 in Evocations
  4101 | D:3      | Found an ancient bone altar of Kikubaaqudgha.
  4107 | D:3      | Reached * piety under Okawaru
  4236 | D:3      | Found a bloodstained altar of Trog.
  4300 | D:4      | Found a staircase to the Ecumenical Temple.
  4376 | D:4      | Reached XP level 7. HP: 58/68 MP: 8/13
  4378 | D:4      | Reached skill level 1 in Maces & Flails
  4421 | D:4      | Reached skill level 1 in Invocations
  4554 | D:4      | Found a glowing golden altar of the Shining One.
  5084 | D:5      | Entered Level 5 of the Dungeon
  5130 | D:5      | Found an iron altar of Okawaru.
  5152 | D:5      | Reached skill level 1 in Axes
  5497 | D:5      | Found a glowing silver altar of Zin.
  5532 | D:5      | Reached ** piety under Okawaru
  5537 | D:5      | Reached XP level 8. HP: 30/79 MP: 10/14
  6548 | D:5      | Found a runed translucent door.
  6549 | D:5      | Noticed Crazy Yiuf
  6556 | D:5      | Killed Crazy Yiuf
  6723 | D:5      | Noticed Menkaure
  6729 | D:5      | Killed Menkaure
  7118 | D:6      | HP: 3/79 [orc warrior/+0 dire flail (6)]
  7118 | D:6      | Mangled by an orc warrior

Illustrated notes

Levels and vault maps discovered:
D:1:      nagdon_arrival_zigzag_paths, layout_loops_ring
D:2:      layout_rooms, fedhas_altar_fruit_tree, uniq_terence
D:3:      layout_basic, lemuel_doored_altar, nicolae_overflow_crystal_walls,
          kennysheep_vampire_church, grunt_ministairs_15, uniq_jessica
D:4:      layout_rooms, tso_metal_star, minmay_temple_entry_statues_fountains
D:5:      layout_loops_corners, old_standard_altar, okawaru_trees_2,
          uniq_menkaure, uniq_crazy_yiuf_cottage
D:6:      layout_rooms, dancing_weapons_uskayaw,
          grunt_temple_overflow_lords_of_destruction, uniq_blork_the_orc

Skill      XL: |  1  2  3  4  5  6  7  8 |
---------------+-------------------------+-----
Earth Magic    | 3 4 |  4.2
Fighting       | 1 2 3 4 |  4.8
Spellcasting   | 3 4 |  4.5
Dodging        | 2 |  2.3
Transmutations | 1 2 |  2.7
Stealth        | 2 |  2.2
Conjurations   | 1 2 |  2.5
Evocations     | 1 2 |  2.6
Maces & Flails | 1 |  1.8
Invocations    | 2 3 |  3.0
Axes           | 2 |  2.6
Shields        | |  0.4

Action                   |  1- 3 |  4- 6 |  7- 9 || total
-------------------------+-------+-------+-------++-------
Melee: Club              |    52 |    94 |    26 ||   172
       Unarmed           |     1 |       |       ||     1
       War axe           |       |       |    50 ||    50
       Morningstar       |       |       |    48 ||    48
 Cast: Sandblast         |    40 |    85 |    30 ||   155
       Stone Arrow       |     1 |     3 |     7 ||    11
       Passwall          |       |     1 |       ||     1
       Petrify           |       |       |     2 ||     2
Invok: Heroism           |       |       |     2 ||     2
  Use: Potion            |     2 |     1 |     5 ||     8
       Scroll            |       |     2 |    11 ||    13
 Stab: Sleeping          |     1 |     2 |     5 ||     8
       Petrified         |       |       |     2 ||     2
Armor: Robe              |    29 |    74 |    39 ||   142
Dodge: Dodged            |    38 |   102 |    87 ||   227
Block: Other             |       |    23 |    34 ||    57
       Reflection        |       |     3 |       ||     3
